 Dungeon Crawl Stone Soup version 0.28-a0-1518-gbe868bca14 (webtiles) character file.

Game seed: 5889850484234638435

1432 gruber the Destroyer (level 8, -1/46 HPs)
             Began as an Octopode Conjurer on Jan 16, 2022.
             Engulfed by a steam dragon's steam (11 damage)
             ... on level 6 of the Dungeon.
             The game lasted 00:06:19 (5836 turns).

gruber the Destroyer (Octopode Conjurer)            Turns: 5836, Time: 00:06:20

Health: -1/46      AC:  1    Str:  6    XL:     8   Next: 73%
Magic:  10/23      EV: 14    Int: 23    God:
Gold:   240        SH:  0    Dex: 10    Spells: 5/15 levels left

rFire   . . .      SeeInvis .   v - +1 spear (venom)
rCold   . . .      Faith    .   (no shield)
rNeg    + . .      Spirit   .   (helmet restricted)
rPois   .          Reflect  .   r - amulet "Piniogg" {RegenMP rN+ rCorr MP+9}
rElec   .          Harm     .   (no ring)
rCorr   +          Rampage  .   (no ring)
Will    .....                   (no ring)
Stlth   +++.......              (no ring)
HPRegen 0.15/turn               (no ring)
MPRegen 0.58/turn               (no ring)
                                (no ring)
                                (no ring)

@: no status effects
A: almost no armour, amphibious, 8 rings, camouflage 1, gelatinous body 1,
(nimble swimmer 1), tentacles
a: no special abilities


You were on level 6 of the Dungeon.
You visited 1 branch of the dungeon, and saw 6 of its levels.

You collected 240 gold pieces.

Inventory:

Hand Weapons
 v - a +1 spear of venom (weapon)
Jewellery
 b - a ring of resist corrosion
 o - an amulet of reflection
 r - the amulet "Piniogg" (around mantle) {RegenMP rN+ rCorr MP+9}
   (You found it on level 5 of the Dungeon)

   [amulet of magic regeneration]

   It increases your rate of magic regeneration.
   rN:        It protects you from negative energy.
   MP:        It affects your magic capacity (+9).
   rCorr:     It protects you from acid and corrosion.
Wands
 n - a wand of acid (11)
 s - a wand of polymorph (11)
Scrolls
 d - a scroll of enchant armour {unknown}
 e - 5 scrolls of identify {unknown}
 g - 2 scrolls of fear {unknown}
 j - 3 scrolls of teleportation {unknown}
 k - a scroll of summoning
 m - a scroll of fog {unknown}
 u - a scroll of noise {unknown}
Potions
 a - 2 potions of curing {unknown}
 c - a potion of haste {unknown}
 f - a potion of mutation {unknown}
 h - 2 potions of flight {unknown}
 i - a potion of lignification {unknown}
 l - a potion of heal wounds {unknown}
 p - a potion of magic {unknown}
 q - a potion of brilliance {unknown}
 t - a potion of attraction {unknown}


   Skills:
 * Level 5.6 Dodging
 - Level 2.6 Stealth
 - Level 4.2 Spellcasting
 - Level 9.0 Conjurations


You had 5 spell levels left.
You knew the following spells:

 Your Spells              Type           Power      Damage    Failure   Level
a - Magic Dart            Conj           100%       1d8       1%          1
b - Searing Ray           Conj           92%        2d7       1%          2
c - Dazzling Flash        Conj/Hex       50%        N/A       4%          3
d - Fulminant Prism       Conj/Hex       12%        3d9       16%         4

Your spell library contained the following spells:

 Spells                   Type           Power      Damage    Failure   Level
 Shock                    Conj/Air       100%       1d9       1%          1
 Sublimation of Blood     Necr           4%         N/A       16%         2
 Wereblood                Tmut           4%         N/A       16%         2
 Hailstorm                Conj/Ice       25%        3d7       16%         4
 Iskenderun's Mystic Bla  Conj/Tloc      25%        2d7       16%         4
 Call Canine Familiar     Summ           4%         N/A       30%         3
 Portal Projectile        Hex/Tloc       8%         N/A       30%         3
 Swiftness                Air            4%         N/A       30%         3
 Lightning Bolt           Conj/Air       12%        1d26      41%         5
 Airstrike                Air            2%         N/A       71%         4
 Ice Form                 Ice/Tmut       4%         N/A       71%         4
 Leda's Liquefaction      Hex/Erth       2%         N/A       71%         4
 Summon Lightning Spire   Summ/Air       4%         N/A       71%         4
 Simulacrum               Ice/Necr       2%         N/A       100%        6
 Summon Hydra             Summ           2%         N/A       100%        7


Dungeon Overview and Level Annotations

Branches:
Dungeon (6/15)             Temple (0/1) D:4

Altars:
Elyvilon


Innate Abilities, Weirdness & Mutations

You cannot wear most types of armour.
You are amphibious.
You can wear up to eight rings at the same time.
Your skin changes colour to match your surroundings (Stealth+).
Your rubbery body absorbs attacks. (AC +1, EV +1)
((You are camouflaged when in or above water. (Stealth+)))
You have tentacles for arms and can constrict up to eight enemies at once.


Message History

You finish channelling your searing ray.
The kobold brigand hits you with a +0 short sword.
Unknown command.
Unknown command.
Casting: Searing Ray (safe; 1% risk of failure)
Confirm with . or Enter, or press ? or * to list all spells.
Aiming: Searing Ray (safe; 1% risk of failure)
Press: ? - help, Shift-Dir - straight line, f - orc wizard
Aim: an orc wizard, wielding a +0 dagger and wearing a +0 robe (summoned, 77% to hit)
The searing ray hits the kobold brigand.
The kobold brigand is heavily wounded.
The searing ray hits the orc wizard!
The orc wizard is heavily wounded. (Press . to maintain the ray.)
The kobold brigand barely misses you.
Unknown command.
The searing ray hits the kobold brigand!
The kobold brigand is almost dead.
The kobold brigand completely misses you.
The searing ray hits the kobold brigand.
You kill the kobold brigand!
The searing ray misses the steam dragon.
The steam dragon breathes steam at you. The ball of steam misses you.
Casting: Searing Ray (safe; 1% risk of failure)
Confirm with . or Enter, or press ? or * to list all spells.
Casting: Dazzling Flash (dangerous; 4% risk of failure)
Press: ? - help, Dir - look around, f - activate You are engulfed in a cloud of scalding steam.
* * * LOW HITPOINT WARNING * * *
Unknown command.
Unknown command.
Unknown command.
Unknown command.
Casting: Dazzling Flash (dangerous; 4% risk of failure)
Confirm with . or Enter, or press ? or * to list all spells.
Casting: Dazzling Flash (dangerous; 4% risk of failure)
Press: ? - help, Dir - look around, f - activate You are engulfed in a cloud of scalding steam.
You die...

#### ##### #### ..#
..o... #..###.###.#
.oD...####..#..)....#
..l....#.#§##§#)#####
hKo.....#.#D@§#.#
.......#.#.##.#.#
......####..#.#.#
......
#..#.#)#############
##### #
####....<..........#
#.##.
#.###.###.##.####.#
#####.#.# #...#.#
#.##.# #.# ........#
#.....###.##.# #.#
#######<##
#...###......# #.#


You could see a steam dragon (catching breath).

Vanquished Creatures
  Grinder (D:4)
  An ice beast (D:6)
  An ogre (D:4)
  2 necrophages
  A phantom (D:5)
  A kobold brigand (D:6)
  2 scorpions (D:5)
  A water moccasin skeleton (D:6)
  A howler monkey (D:4)
  2 bullfrog zombies
  A hound (D:6)
  2 jellies (D:6)
  An orc priest (D:3)
  A centaur skeleton (D:4)
  A bullfrog skeleton (D:4)
  2 iguanas
  3 orc wizards (D:3)
  8 gnolls
  2 adders
  An adder skeleton (D:5)
  4 worms
  3 dart slugs
  5 orcs
  5 bats
  4 endoplasms
  A giant cockroach (D:1)
  3 goblins
  7 hobgoblins
  2 jackals
  2 quokkas
  9 ball pythons
  4 frilled lizards
  2 kobolds
  2 rats
88 creatures vanquished.

Notes
Turn   | Place    | Note
-------+----------+-------------------------------------------
     0 | D:1      | gruber the Octopode Conjurer began the quest for the Orb.
     0 | D:1      | Reached XP level 1. HP: 11/11 MP: 3/3
   459 | D:1      | Reached XP level 2. HP: 17/17 MP: 1/5
   921 | D:2      | Learned a level 2 spell: Searing Ray
   927 | D:2      | Reached XP level 3. HP: 21/21 MP: 1/6
  1134 | D:2      | Reached skill level 5 in Conjurations
  1861 | D:2      | Reached XP level 4. HP: 27/27 MP: 1/7
  2869 | D:3      | Found a faded altar of an unknown god.
  3110 | D:3      | Learned a level 3 spell: Dazzling Flash
  3142 | D:3      | Reached XP level 5. HP: 22/31 MP: 2/9
  3256 | D:3      | Reached skill level 6 in Conjurations
  3561 | D:4      | Noticed an ogre
  3646 | D:4      | Reached XP level 6. HP: 36/36 MP: 5/10
  3934 | D:4      | Found a staircase to the Ecumenical Temple.
  4524 | D:4      | Noticed Grinder
  4525 | D:4      | Paralysed by Grinder for 5 turns
  4533 | D:4      | Reached skill level 7 in Conjurations
  4533 | D:4      | Killed Grinder
  4534 | D:4      | Reached XP level 7. HP: 9/41 MP: 5/13
  4780 | D:4      | Learned a level 4 spell: Fulminant Prism
  4854 | D:5      | Entered Level 5 of the Dungeon
  4858 | D:5      | Identified the amulet "Piniogg" {RegenMP rN+ rCorr MP+9}
  4993 | D:5      | Found a white marble altar of Elyvilon.
  5071 | D:5      | Reached skill level 8 in Conjurations
  5187 | D:5      | Reached XP level 8. HP: 46/46 MP: 14/14
  5294 | D:5      | Reached skill level 9 in Conjurations
  5829 | D:6      | Reached skill level 5 in Dodging
  5836 | D:6      | Engulfed by a steam dragon's steam

Illustrated notes

Levels and vault maps discovered:
D:1:      scummos_arrival_forest, layout_loops_ring
D:2:      layout_loops_ring, minmay_tripent
D:3:      layout_basic, hellmonk_ecumenical_altar_crossroads
D:4:      layout_gridville, minmay_temple_entry_arrows, uniq_grinder
D:5:      layout_rooms, mainiacjoe_overflow_concentric_impassable,
          kennysheep_pointless_box
D:6:      layout_loops_ring, kennysheep_diamond, wad_rectangle_vault,
          uniq_eustachio, uniq_prince_ribbit1

Skill      XL: |  1  2  3  4  5  6  7  8 |
---------------+-------------------------+-----
Conjurations   | 5 6 7 8 9 |  9.0
Spellcasting   | 3 4 |  4.2
Dodging        | 5 |  5.6
Stealth        | |  2.6

Action                   |  1- 3 |  4- 6 |  7- 9 || total
-------------------------+-------+-------+-------++-------
Melee: Unarmed           |    16 |     1 |       ||    17
       Tentacles         |     2 |     1 |       ||     3
       Constrict         |     3 |       |       ||     3
 Cast: Magic Dart        |    74 |    27 |    28 ||   129
       Searing Ray       |     2 |    13 |    26 ||    41
       Dazzling Flash    |       |       |     2 ||     2
 Stab: Sleeping          |       |     1 |       ||     1
Armor: Skin              |     7 |       |       ||     7
Dodge: Dodged            |    16 |     8 |    11 ||    35
Block: Other             |       |     1 |       ||     1

Table legend: (Time is in decaauts)
 A = Elapsed time spent in this place.
 B = Non-inter-level travel time spent in this place.
 C = Inter-level travel time spent in this place.
 D = Time resting spent in this place.
 E = Time spent auto-exploring this place.
 F = Levels seen in this place.
 G = Mean time per level.
                   A        B        C        D        E       F      G
               +--------+--------+--------+--------+--------+-----+--------+
         Total |   5837 |   5628 |    209 |    376 |   4640 |   6 |  972.8 |
       Dungeon |   5837 |   5628 |    209 |    376 |   4640 |   6 |  972.8 |
               +--------+--------+--------+--------+--------+-----+--------+

Top non-repeatable levels by time:
     D:3: 1419 daAuts
     D:4: 1234 daAuts
     D:2: 1222 daAuts
     D:1: 980 daAuts
     D:5: 547 daAuts
     D:6: 433 daAuts
